 Dungeon Crawl Stone Soup version 0.23.1-37-gaa34b87b72 (webtiles) character file.

Game seed: 3286267363590892065

168 Marnok the Slasher (level 5, -2/44 HPs)
             Began as a Demonspawn Gladiator on Mar 23, 2019.
             Slain by Eustachio
             ... wielding a +0 rapier
              (6 damage)
             ... on level 3 of the Dungeon.
             The game lasted 00:09:08 (2032 turns).

Marnok the Slasher (Demonspawn Gladiator)           Turns: 2032, Time: 00:09:09

Health: -2/44      AC:  4    Str: 15      XL:     5   Next: 24%
Magic:  5/5        EV: 13    Int:  8 (9)  God:
Gold:   87         SH:  0    Dex: 13 (15) Spells: 4/4 levels left

rFire    . . .     SeeInvis .   a - +1 long sword
rCold    + . .     Gourm    .   (no shield)
rNeg     . . .     Faith    .   b - +1 leather armour
rPois    .         Spirit   .   g - +0 hat
rElec    .         Reflect  .   (no cloak)
rCorr    .         Harm     .   (no gloves)
MR       .....     Rnd*Tele +   (no boots)
Stlth    ++........             (no amulet)
HPRegen  0.00/turn              j - ring of protection from cold
MPRegen  0.09/turn              (no ring)

@: no status effects
A: fangs 1, hooves 1, camouflage 1, robust 1, inhibited regeneration, spiny 2,
teleportitis 1
a: no special abilities


You were on level 3 of the Dungeon.
You were not hungry.

You visited 1 branch of the dungeon, and saw 5 of its levels.

You collected 87 gold pieces.

Inventory:

Hand Weapons
 a - a +1 long sword (weapon)
Missiles
 d - 3 throwing nets (quivered)
Armour
 b - a +1 leather armour (worn)
 c - a +0 helmet
 g - a +0 hat (worn)
 h - a +0 helmet
Jewellery
 j - a ring of protection from cold (left hand)
Wands
 l - a wand of enslavement (10)
Scrolls
 e - 2 scrolls of teleportation {unknown}
 k - a scroll of identify
Comestibles
 f - 3 rations


   Skills:
 + Level 2.8 Fighting
 + Level 3.9 Long Blades
 + Level 2.0 Throwing
 + Level 1.5 Armour
 + Level 3.5 Dodging
 + Level 0.2 Stealth


You had 4 spell levels left.
You didn't know any spells.
Your spell library was empty.

Dungeon Overview and Level Annotations

Branches:
Dungeon (5/15)
 Temple: D:4-7

Altars:

Annotations:
D:3 Eustachio, Grinder
D:4 Robin


Innate Abilities, Weirdness & Mutations

You have large cloven feet.
You are mostly covered in sharp spines.
You have very sharp teeth.
Your skin changes colour to match your surroundings (Stealth+).
You are robust. (+10% HP)
You do not regenerate when monsters are visible.
You are occasionally teleported next to monsters.


Message History

The white imp completely misses you. Eustachio hits you with a +0 rapier.
You barely miss Eustachio.
The hobgoblin shouts!
Your kick misses Eustachio.
Eustachio is heavily wounded.
The shadow imp is struck by your spines.
The shadow imp misses you. The white imp closely misses you.
Eustachio hits you with a +0 rapier.
* * * LOW HITPOINT WARNING * * *
You aren't carrying any potions.
You miss Eustachio. You kick Eustachio.
Eustachio is severely wounded.
The shadow imp is struck by your spines.
The shadow imp hits you.
* * * LOW HITPOINT WARNING * * *
The white imp gestures at you. The puff of frost hits you. You resist.
* * * LOW HITPOINT WARNING * * *
Eustachio is struck by your spines. Eustachio hits you with a +0 rapier.
You die...

.###.#...#.# ###.#.#
.#...#...#.#.....#.
...........#.# #..
.....#.>.#...###†#
.....#.......K.#>#
.o...##..#.###.#.#
##K###.....# #.#.# #.#
###.#.# #..†# #.#
#.#.#####@#
##.#####.......@55.g....
...K....##.#####.#.#....
### .....<...........#.#
## ##..
.......r#########. .
#..÷ ............ . ..
#... .##########.. . ..
#... . .. ... #.)) .
####...


You could see Eustachio, a white imp, a shadow imp, a hobgoblin and a kobold
(wandering).

Vanquished Creatures
  2 orc priests (D:4)
  A worker ant (D:4)
  A gnoll (D:1)
  A worm (D:2)
  2 dart slugs
  4 orcs
  4 giant cockroaches (D:1)
  7 goblins
  2 hobgoblins (D:3)
  14 jackals
  8 kobolds
  A quokka (D:3)
  2 ball pythons
  2 bats
  3 frilled lizards
  7 rats
61 creatures vanquished.

Notes
Turn   | Place    | Note
-------+----------+-------------------------------------------
     0 | D:1      | Marnok the Demonspawn Gladiator began the quest for the
                  | Orb.
     0 | D:1      | Reached XP level 1. HP: 16/16 MP: 1/1
   427 | D:1      | Gained mutation: You are partially covered in sharp spines.
                  | [demonic ancestry]
   427 | D:1      | Reached XP level 2. HP: 22/22 MP: 2/2
   700 | D:1      | Gained mutation: You have large cloven feet. [demonic
                  | ancestry]
   700 | D:1      | Reached XP level 3. HP: 28/28 MP: 3/3
  1141 | D:3      | Found a faded altar of an unknown god.
  1149 | D:3      | Noticed Grinder
  1169 | D:2      | Gained mutation: You have very sharp teeth. [potion of
                  | mutation]
  1169 | D:2      | Gained mutation: You are occasionally teleported next to
                  | monsters. [potion of mutation]
  1169 | D:2      | Gained mutation: You expend magic power (3 MP) to
                  | strengthen your wands. [potion of mutation]
  1659 | D:2      | Reached XP level 4. HP: 34/34 MP: 4/4
  1755 | D:3      | Lost mutation: You expend magic power (3 MP) to strengthen
                  | your wands. [potion of mutation]
  1755 | D:3      | Gained mutation: You do not regenerate when monsters are
                  | visible. [potion of mutation]
  1755 | D:3      | Gained mutation: Your skin changes colour to match your
                  | surroundings (Stealth+). [potion of mutation]
  1755 | D:3      | Gained mutation: You are robust. (+10% HP) [potion of
                  | mutation]
  1766 | D:5      | Entered Level 5 of the Dungeon
  1807 | D:4      | Reached skill level 1 in Armour
  1819 | D:4      | Gained mutation: You are mostly covered in sharp spines.
                  | [demonic ancestry]
  1819 | D:4      | Reached XP level 5. HP: 20/44 MP: 5/5
  2002 | D:4      | Noticed Robin
  2003 | D:4      | Noticed Eustachio
  2032 | D:3      | Slain by Eustachio

Skill      XL: |  1  2  3  4 |
---------------+-------------+-----
Long Blades    | 3 |  3.9
Dodging        | 3 |  3.5
Throwing       | 2 |  2.0
Armour         | 1 |  1.5
Fighting       | |  2.8
Stealth        | |  0.2

Action                   |  1- 3 |  4- 6 || total
-------------------------+-------+-------++-------
Melee: Long sword        |    76 |    44 ||   120
       Kick              |     9 |    18 ||    27
       Bite              |       |     1 ||     1
  Use: Scroll            |     3 |       ||     3
       Potion            |     2 |     1 ||     3
  Eat: Chunk             |     2 |     2 ||     4
Armor: Leather armour    |    23 |     9 ||    32
Dodge: Dodged            |    64 |    31 ||    95
       Rpst.: Long sword |    20 |     9 ||    29
